 Dungeon Crawl Stone Soup version 0.27.1-2-g3b301248ec (webtiles) character file.

Game seed: 18262214022446291065

1442 worthlessgem the Changer (level 9, -8/60 HPs)
             Began as a Formicid Earth Elementalist on Oct 1, 2021.
             Was an Initiate of Ashenzari.
             Mangled by Harold (19 damage)
             ... on level 7 of the Dungeon on Oct 2, 2021.
             The game lasted 00:58:56 (8715 turns).

worthlessgem the Changer (FoEE)                     Turns: 8715, Time: 00:58:57

Health: -8/60      AC:  2    Str: 13    XL:     9   Next: 4%
Magic:  3/15       EV: 12    Int: 18    God:    Ashenzari [......]
Gold:   329        SH:  0    Dex: 11    Spells: 1/16 levels left

rFire    . . .     SeeInvis +   a - +2 dagger (venom)
rCold    . . .     Faith    .   (no shield)
rNeg     . . .     Spirit   .   b - +0 robe
rPois    .         Reflect  .   (helmet unavailable)
rElec    .         Harm     .   (no cloak)
rCorr    .         Rampage  .   (no gloves)
Will     .....                  (no boots)
Stlth    ++........             (no amulet)
HPRegen  0.20/turn              (no ring)
MPRegen  0.14/turn              (no ring)

@: weak-willed, very slightly contaminated
A: permanent stasis, dig shafts and tunnels, antennae 3, four strong arms
a: Dig, Shaft Self, Renounce Religion, Curse Item


You were on level 7 of the Dungeon.
You worshipped Ashenzari.
Ashenzari was noncommittal.
You visited 2 branches of the dungeon, and saw 8 of its levels.

You collected 329 gold pieces.

Inventory:

Hand Weapons
 a - a +2 dagger of venom (weapon)
 d - a +2 hand axe of freezing
 o - a +2 dagger of venom
 t - a +0 hand crossbow
Missiles
 c - 231 stones
 w - 3 boomerangs
 z - 39 bolts
 B - 10 poisoned darts
Armour
 b - a +0 robe (worn)
 h - a +0 ring mail
Wands
 q - a wand of mindburst (12)
 r - a wand of iceblast (6)
 v - a wand of paralysis (6)
Scrolls
 e - 2 scrolls of teleportation
 f - 5 scrolls of identify
 i - 2 scrolls of amnesia
 l - a scroll of holy word
 m - a scroll of torment
 s - 2 scrolls of enchant weapon
 u - a scroll of enchant armour
 y - a scroll of immolation
 A - a scroll of brand weapon
Potions
 g - 2 potions of degeneration
 j - 2 potions of curing
 n - a potion of lignification
 x - a potion of haste


   Skills:
 + Level 1.6 Fighting
 - Level 1.7 Dodging
 * Level 3.5 Stealth
 - Level 4.1 Spellcasting
 + Level 4.3 Conjurations
 + Level 2.6 Summonings
 - Level 6.1 Transmutations
 + Level 2.6 Fire Magic
 - Level 5.9 Earth Magic


You had one spell level left.
You knew the following spells:

 Your Spells              Type           Power      Damage    Failure   Level
a - Sandblast             Erth           50%        2d12      1%          1
b - Passwall              Tmut/Erth      20%        N/A       1%          2
c - Foxfire               Conj/Fire      64%        2x1d7     3%          1
d - Summon Small Mammal   Summ           52%        N/A       4%          1
e - Conjure Flame         Conj/Fire      16%        6-21      11%         3
f - Stone Arrow           Conj/Erth      44%        3d9       5%          3
g - Petrify               Tmut/Erth      25%        N/A       12%         4

Your spell library contained the following spells:

 Spells                   Type           Power      Damage    Failure   Level
 Call Canine Familiar     Summ           13%        N/A       14%         3
 Inner Flame              Hex/Fire       8%         N/A       26%         3
 Summon Guardian Golem    Hex/Summ       8%         N/A       26%         3


Dungeon Overview and Level Annotations

Branches:
Dungeon (7/15)             Temple (1/1) D:4

Altars:
Ashenzari
Dithmenos
Elyvilon
Fedhas
Gozag
Hepliaklqana
Kikubaaqudgha
Nemelex Xobeh
Okawaru
Qazlal
Ru
Sif Muna
Trog
Uskayaw
Vehumet
Wu Jian
Xom
Yredelemnul
Zin
The Shining One

Shops:
D:2 :

Annotations:
D:7 Harold


Innate Abilities, Weirdness & Mutations

You cannot be hasted, slowed, berserked, paralysed or teleported.
You can dig through walls and to a lower floor.
You have a pair of large antennae on your head. (SInv)
Your four strong arms can wield two-handed weapons with a shield.


Message History

Really read the scroll of vulnerability?
As you read the scroll of vulnerability, it crumbles to dust.
Magic quickly surges around you. Harold barely misses you.
Casting: Petrify (dangerous; 12% risk of failure)
Confirm with . or Enter, or press ? or * to list all spells.
Aiming: Petrify (dangerous; 12% risk of failure)
Press: ? - help, Shift-Dir - straight line, f - Harold
Aim: Harold, wielding a +0 trident, wearing a +0 scale mail and quivering 2 throwing nets (weak-willed, chance to affect: 46%)
Okay, then.
Unknown command.
Really read the scroll of vulnerability?
As you read the scroll of vulnerability, it crumbles to dust.
Magic quickly surges around you. Harold fires a harpoon shot at you.
The harpoon shot hits you!
You are yanked forward by the harpoon shot.
Casting: Petrify (dangerous; 12% risk of failure)
Confirm with . or Enter, or press ? or * to list all spells.
Aiming: Petrify (dangerous; 12% risk of failure)
Press: ? - help, Shift-Dir - straight line, f - Harold
Aim: Harold, wielding a +0 trident, wearing a +0 scale mail and quivering 2 throwing nets (weak-willed, chance to affect: 46%)
You miscast Petrify.
You are very lightly contaminated with residual magic.
Strange energies run through your body. Harold hits you with a +0 trident!!
Casting: Petrify (dangerous; 12% risk of failure)
Confirm with . or Enter, or press ? or * to list all spells.
Aiming: Petrify (dangerous; 12% risk of failure)
Press: ? - help, Shift-Dir - straight line, f/p - Harold
Aim: Harold, wielding a +0 trident, wearing a +0 scale mail and quivering 2 throwing nets (weak-willed, chance to affect: 46%)
You miscast Petrify.
Nothing appears to happen.
Harold hits you with a +0 trident!!
* * * LOW HITPOINT WARNING * * *
Casting: Petrify (dangerous; 12% risk of failure)
Confirm with . or Enter, or press ? or * to list all spells.
Aiming: Petrify (dangerous; 12% risk of failure)
Press: ? - help, Shift-Dir - straight line, f/p - Harold
Aim: Harold, wielding a +0 trident, wearing a +0 scale mail and quivering 2 throwing nets (weak-willed, chance to affect: 46%)
You miscast Petrify.
Nothing appears to happen.
Harold hits you with a +0 trident!!
You die...

#. #.# .. #.# .# ##.##
.## #...# ## ##.## #...#
.###...# #...#
.....#.####...#####
...#...........(@@#
..###...................
...#..............#..?..
.......####...##### ##..
######## #...# . #...#
#...# ##.##


You could see Harold (weak-willed).

Vanquished Creatures
  An ice beast (D:6)
  A sky beast (D:6)
  An ogre (D:5)
  A phantom (D:4)
  A kobold brigand (D:6)
  A bullfrog (D:6)
  3 scorpions
  A wyvern zombie (D:6)
  A wyvern skeleton (D:6)
  4 wights (D:5)
  2 hounds
  2 orc priests (D:6)
  2 bullfrog skeletons
  Ijyb (D:4)
  3 orc wizards
  An iguana (D:6)
  A river rat (D:6)
  8 adders
  2 shadow imps
  2 white imps
  2 worms
  3 dart slugs
  12 orcs
  7 ball pythons
  3 bats
  8 endoplasms
  A giant cockroach (D:1)
  5 goblins
  5 hobgoblins
  4 jackals
  A quokka (D:5)
  5 frilled lizards
  28 kobolds
  A quokka skeleton (D:4)
  4 rats
128 creatures vanquished.

Vanquished Creatures (collateral kills)
  An endoplasm (D:2)
  A hobgoblin (D:2)
  2 ball pythons
4 creatures vanquished.

Vanquished Creatures (others)
  161 foxfires
  39 plants (D:6)
200 creatures vanquished.

Grand Total: 332 creatures vanquished

Notes
Turn   | Place    | Note
-------+----------+-------------------------------------------
     0 | D:1      | worthlessgem the Formicid Earth Elementalist began the
                  | quest for the Orb.
     0 | D:1      | Reached XP level 1. HP: 13/13 MP: 3/3
   226 | D:1      | Reached XP level 2. HP: 11/19 MP: 3/5
   634 | D:1      | Learned a level 2 spell: Passwall
   636 | D:1      | Learned a level 1 spell: Foxfire
   638 | D:1      | Learned a level 1 spell: Summon Small Mammal
   659 | D:1      | Reached skill level 1 in Conjurations
   932 | D:1      | Reached XP level 3. HP: 21/24 MP: 2/6
  1154 | D:1      | Found a faded altar of an unknown god.
  1534 | D:2      | Reached skill level 1 in Fire Magic
  1747 | D:2      | Found a white marble altar of Elyvilon.
  1758 | D:2      | Became a worshipper of Elyvilon the Healer
  1855 | D:2      | Found Ziakh's Book Boutique.
  2015 | D:2      | Reached XP level 4. HP: 30/30 MP: 2/7
  2620 | D:3      | Reached * piety under Elyvilon
  2704 | D:3      | Reached skill level 1 in Summonings
  2970 | D:3      | Found a hide-covered altar of Uskayaw.
  2971 | D:3      | Found a glowing silver altar of Zin.
  2971 | D:3      | Found a shimmering blue altar of Sif Muna.
  2979 | D:3      | Reached XP level 5. HP: 35/35 MP: 5/8
  3257 | D:4      | Noticed Ijyb
  3287 | D:4      | Found a staircase to the Ecumenical Temple.
  3296 | Temple   | Entered the Ecumenical Temple
  3546 | D:4      | Reached skill level 5 in Earth Magic
  3951 | D:4      | Killed Ijyb
  4132 | D:5      | Entered Level 5 of the Dungeon
  4146 | D:5      | Learned a level 3 spell: Conjure Flame
  4154 | D:5      | Reached XP level 6. HP: 41/41 MP: 2/9
  4326 | D:5      | Noticed an ogre
  4328 | D:5      | Killed an ogre
  4359 | D:5      | Reached XP level 7. HP: 18/46 MP: 0/10
  4508 | D:5      | Found a blossoming altar of Fedhas.
  5376 | D:6      | Found a radiant altar of Vehumet.
  5416 | D:6      | Reached skill level 2 in Transmutations
  5526 | D:4      | Reached skill level 3 in Transmutations
  5912 | Temple   | Fell from the grace of Elyvilon
  5912 | Temple   | Became a worshipper of Ashenzari the Shackled
  6039 | D:5      | Reached XP level 8. HP: 52/52 MP: 9/13
  6571 | D:6      | Learned a level 3 spell: Stone Arrow
  6576 | D:6      | Learned a level 4 spell: Petrify
  6611 | D:6      | Reached skill level 4 in Transmutations
  6810 | D:6      | Reached skill level 5 in Transmutations
  6905 | D:6      | Reached skill level 6 in Transmutations
  7596 | D:5      | Reached skill level 1 in Fighting
  8144 | D:6      | Reached XP level 9. HP: 23/60 MP: 9/15
  8707 | D:7      | Noticed Harold
  8715 | D:7      | Mangled by Harold

Illustrated notes

Levels and vault maps discovered:
D:1:      dpeg_arrival_rhombus, layout_loops_ring,
          shapermc_ecumenical_altar_mp_highgroup, minmay_tall_x
D:2:      layout_basic, serial_shops, shop, basic_altar
D:3:      layout_loops_ring, chequers_temple_overflow_statue_of_worship
D:4:      layout_basic, minmay_temple_entry_waves, uniq_ijyb
D:5:      layout_basic, fedhas_altar_4
D:6:      kennysheep_kobold_camp, layout_cave_pools,
          mainiacjoe_overflow_surrounded_room, lightli_sewer_entry_pipes
D:7:      layout_loops_cross, uniq_harold
Temple:   minmay_freezing_vapour_temple

Skill      XL: |  1  2  3  4  5  6  7  8 |
---------------+-------------------------+-----
Earth Magic    | 4 5 |  5.9
Conjurations   | 1 2 4 |  4.3
Fire Magic     | 1 2 |  2.6
Summonings     | 1 2 |  2.6
Transmutations | 3 6 |  6.1
Spellcasting   | 3 4 |  4.1
Fighting       | 1 |  1.6
Stealth        | 3 |  3.5
Dodging        | |  1.7

Action                   |  1- 3 |  4- 6 |  7- 9 || total
-------------------------+-------+-------+-------++-------
Melee: Dagger            |    38 |    73 |   106 ||   217
       Unarmed           |     4 |       |       ||     4
 Fire: Hand crossbow     |       |       |    23 ||    23
       Hunting sling     |       |       |    18 ||    18
 Cast: Sandblast         |     7 |     9 |    48 ||    64
       Foxfire           |    43 |    16 |    36 ||    95
       Summon Small Mamm |    15 |     3 |     9 ||    27
       Passwall          |       |     2 |     1 ||     3
       Conjure Flame     |       |     1 |    11 ||    12
       Petrify           |       |       |     4 ||     4
Invok: Lesser Healing    |       |    33 |    56 ||    89
 Abil: Dig               |     5 |     3 |     3 ||    11
       Shaft Self        |       |       |     1 ||     1
  Use: Scroll            |       |     2 |     2 ||     4
       Potion            |       |     1 |       ||     1
 Stab: Sleeping          |     1 |     7 |     1 ||     9
       Petrified         |       |       |    25 ||    25
Armor: Robe              |    11 |    10 |     8 ||    29
Dodge: Dodged            |    37 |    45 |    56 ||   138
